 Dungeon Crawl Stone Soup version 0.31-a0-216-g22e908daa7 (webtiles) character file.

Game seed: 6381150721681139643

108 qw the Shooter (level 4, -6/36 HPs)
             Began as a Minotaur Hexslinger on July 1, 2023.
             Mangled by a gnoll
             ... wielding a +0 flail
              (8 damage)
             ... on level 3 of the Dungeon.
             The game lasted 00:00:50 (2303 turns).

qw the Shooter (Minotaur Hexslinger)                Turns: 2303, Time: 00:00:51

Health: -6/36      AC:  5    Str: 13    XL:     4   Next: 58%
Magic:  4/4        EV: 11    Int: 10    God:
Gold:   124        SH:  0    Dex: 14    Spells: 4/5 levels left

rFire   . . .        Y - +1 sling
rCold   . . .        (no shield)
rNeg    . . .        a - +0 ring mail
rPois   .            (helmet restricted)
rElec   .            (no cloak)
rCorr   .            (no gloves)
SInv    +            (no boots)
Will    .....        (no amulet)
Stlth   +            g - ring of see invisible
HPRegen 0.26/turn    (no ring)
MPRegen 0.09/turn

%: no passive effects
@: no status effects
A: horns 2, retaliatory headbutt
a: no special abilities


You were on level 3 of the Dungeon.
You visited 1 branch of the dungeon, and saw 3 of its levels.

You collected 124 gold pieces.


Innate Abilities, Weirdness & Mutations

You have a pair of horns on your head.
You reflexively headbutt those who attack you in melee.


   Skills:
 - Level 2.0 Fighting
 + Level 4.9 Ranged Weapons
 - Level 1.3 Armour
 - Level 2.1 Dodging
 - Level 1.0 Spellcasting
 - Level 2.0 Hexes


You had 4 spell levels left.
You knew the following spells:

 Your Spells              Type           Power      Damage    Failure   Level
a - Slow                  Hex            16%        N/A       32%         1

Your spell library contained the following spells:

 Spells                   Type           Power      Damage    Failure   Level
 Inner Flame              Hex/Fire       2%         N/A       82%         3
 Portal Projectile        Hex/Tloc       4%         N/A       82%         3
 Cause Fear               Hex            2%         N/A       97%         4

Inventory:

Hand Weapons
 Y - a +1 sling (weapon)
Armour
 a - a +0 ring mail (worn)
 f - a +0 pair of gloves
Jewellery
 g - a ring of see invisible (left hand)
 i - a ring of see invisible
 j - a +6 ring of intelligence
Scrolls
 c - a scroll of identify {unknown}
 d - a scroll of blinking {unknown}
Potions
 b - a potion of cancellation {unknown}
 e - a potion of magic {unknown}
 h - a potion of berserk rage {unknown}

Dungeon Overview and Level Annotations

Branches:
Dungeon (3/15)

Altars:
Sif Muna

Annotations:
D:2 1 runed translucent door, Crazy Yiuf


Message History

Enter note:
Enter note:
Enter note:
Enter note:
Enter note:
Enter note:
Enter note:
Enter note: You shoot a sling bullet.
The sling bullet closely misses the gnoll.
The gnoll shouts!
You shoot a sling bullet. The sling bullet hits the gnoll.
The gnoll is lightly wounded.
You shoot a sling bullet.
The sling bullet barely misses the gnoll.
You shoot a sling bullet.
The sling bullet hits the gnoll but does no damage.
The gnoll is lightly wounded.
The gnoll closely misses you.
You shoot a sling bullet. The sling bullet hits the gnoll.
The gnoll is heavily wounded.
The gnoll hits you with a +0 flail!
You shoot a sling bullet.
The sling bullet hits the gnoll but does no damage.
The gnoll is heavily wounded.
The gnoll closely misses you. You furiously retaliate!
You headbutt the gnoll. The gnoll hits you with a +0 flail!
You shoot a sling bullet.
The sling bullet barely misses the gnoll.
The gnoll hits you with a +0 flail.
You shoot a sling bullet.
The sling bullet barely misses the gnoll.
The gnoll hits you with a +0 flail.
You shoot a sling bullet.
The sling bullet barely misses the gnoll.
The gnoll hits you with a +0 flail!
You shoot a sling bullet.
The sling bullet completely misses the gnoll.
The gnoll hits you with a +0 flail!
You die...

#.##.....# #.#### ##..>[.#
.#.##.....# #.##.## ##.......
.......#########.#...####........
......#.........#.......'........
##...###>#####.###...####........
####.#.## #.## ##.## ##.......
#.## ##.###.## ##.....# #.#
##.#.## ###...## #># ##@##
#....... #.# #g# #.##.### #.# #.#
#.##.# #.# #.# ######.##.## #.#
#.# #...)......## ######.# #..
....###......# .......# #.. ##
#....... #.###..# #.. ####.###
.......# #....


You could see a gnoll.

Vanquished Creatures
  Robin (D:2)
  An adder (D:2)
  A gnoll (D:3)
  A worm (D:2)
  4 dart slugs
  2 ball pythons (D:1)
  7 bats
  4 endoplasms
  2 giant cockroaches
  11 goblins
  9 hobgoblins
  3 jackals (D:2)
  3 quokkas
  5 frilled lizards
  5 kobolds
  7 rats
66 creatures vanquished.

Notes
Turn   | Place    | Note
-------+----------+-------------------------------------------
     0 | D:1      | qw the Minotaur Hexslinger began the quest for the Orb.
     0 | D:1      | Reached XP level 1. HP: 16/16 MP: 1/1
     0 | D:1      | 0 ||| qw: Version: 0.3-a-35-g05ef00e
     0 | D:1      | 0 ||| qw: Game counter: 7751
     0 | D:1      | 0 ||| qw: Melee chars always use a shield: true
     0 | D:1      | 0 ||| qw: God list: Okawaru
     0 | D:1      | 0 ||| qw: Allow faded altars: false
     0 | D:1      | 0 ||| qw: Do Orc after clearing Dungeon:15 true
     0 | D:1      | 0 ||| qw: Do second Lair branch before Depths: true
     0 | D:1      | 0 ||| qw: Lair rune preference: random
     0 | D:1      | 0 ||| qw: Goals: Normal
     0 | D:1      | 0 ||| PLANNING D:1-11
    97 | D:1      | Reached skill level 3 in Ranged Weapons
    97 | D:1      | Reached XP level 2. HP: 23/23 MP: 2/2
   419 | D:1      | Reached XP level 3. HP: 29/29 MP: 3/3
   525 | D:1      | 525 ||| UPGRADING to ring of see invisible.
   526 | D:1      | 526 ||| READING scroll labelled COGASTR SETASOG.
   529 | D:1      | 529 ||| DROPPING scroll of poison.
   626 | D:2      | 626 ||| Stepping ~*~*~tactically~*~*~ (outnumbered).
   628 | D:2      | 628 ||| Stepping ~*~*~tactically~*~*~ (outnumbered).
   632 | D:2      | 632 ||| FLEEEEING.
   633 | D:2      | 633 ||| FLEEEEING.
   634 | D:2      | 634 ||| FLEEEEING.
   635 | D:2      | 635 ||| FLEEEEING.
   638 | D:2      | 638 ||| FLEEEEING.
   657 | D:2      | Reached skill level 4 in Ranged Weapons
   910 | D:2      | Noticed Robin
   916 | D:2      | 916 ||| Stepping ~*~*~tactically~*~*~ (outnumbered).
   921 | D:2      | Killed Robin
   922 | D:2      | Reached XP level 4. HP: 28/36 MP: 4/4
   930 | D:2      | HP: 9/36 [jackal (1)]
  1217 | D:2      | Found a shimmering blue altar of Sif Muna.
  1243 | D:2      | Found a runed translucent door.
  1244 | D:2      | Noticed Crazy Yiuf
  1486 | D:2      | 1486 ||| UPGRADING to +0 ring mail.
  1496 | D:2      | 1496 ||| DROPPING +0 robe.
  1497 | D:2      | 1497 ||| READING scroll labelled KACIKL HEUFIT.
  1498 | D:2      | 1498 ||| READING scroll labelled CANIHE PUR.
  2105 | D:3      | Reached skill level 1 in Armour
  2217 | D:3      | Found a faded altar of an unknown god.
  2302 | D:3      | HP: 1/36 [gnoll/+0 flail (9)]
  2303 | D:3      | Mangled by a gnoll

Levels and vault maps discovered:
D:1:      spicycebolla_green_bress_n_ham, layout_basic
D:2:      layout_loops_ring, basic_altar, hangedman_decor_points,
          dk_noncrumbling_4, uniq_robin, uniq_crazy_yiuf_cottage
D:3:      layout_loops_corners, dreamdust_ecumenical_altar_hidden_monk_grotto

Skill      XL: |  1  2  3  4 |
---------------+-------------+-----
Ranged Weapons | 3 4 |  4.9
Fighting       | 2 |  2.0
Armour         | 1 |  1.3
Dodging        | |  2.1
Spellcasting   | |  1.0
Hexes          | |  2.0

Action                     |  1- 3 |  4- 6 || total
---------------------------+-------+-------++-------
   Fire: Sling             |   119 |    64 ||   183
    Use: Scroll            |     1 |     2 ||     3
 Armour: Robe              |     6 |     5 ||    11
         Ring mail         |       |     6 ||     6
  Dodge: Dodged            |    29 |    22 ||    51

Table legend:
 A = Non-vault XP
 B = Vault XP
 C = Vault XP percentage of total XP
 D = Non-vault monster count
 E = Vault monster count
 F = Vault count percentage of total count
                 A         B        C        D         E       F
            +---------+---------+-------+---------+---------+-------
      Total |     121 |      34 |  21.9 |      55 |      11 |  16.7
            +---------+---------+-------+---------+---------+-------
        D:1 |      45 |       0 |   0.0 |      27 |       0 |   0.0
        D:2 |      46 |      34 |  42.5 |      17 |      11 |  39.3
        D:3 |      30 |       0 |   0.0 |      11 |       0 |   0.0
            +---------+---------+-------+---------+---------+-------
